 Dungeon Crawl Stone Soup version 0.29-a0-284-gf9362112df (webtiles) character file.

Game seed: 5972369988436949932

573 bande the Chopper (level 7, 0/44 HPs)
             Began as a Gargoyle Fighter on Mar 29, 2022.
             Slain by a gnoll
             ... wielding a +0 halberd
              (1 damage)
             ... on level 4 of the Dungeon.
             The game lasted 00:07:00 (3850 turns).

bande the Chopper (Gargoyle Fighter)                Turns: 3850, Time: 00:07:01

Health: 0/44       AC: 15    Str: 25    XL:     7   Next: 34%
Magic:  7/7        EV:  9    Int:  9    God:
Gold:   185        SH:  5    Dex: 11    Spells: 6/6 levels left

rFire   . . .      SeeInvis .   a - +0 war axe
rCold   . . .      Faith    .   c - +1 buckler
rNeg    + . .      Spirit   .   b - +0 scale mail
rPois   ∞          Reflect  .   (no helmet)
rElec   +          Harm     .   (no cloak)
rCorr   .          Rampage  .   (no gloves)
Will    .....                   g - +2 pair of boots
Stlth   ..........              (no amulet)
HPRegen 0.14/turn               o - +6 ring of strength
MPRegen 0.10/turn               (no ring)

@: no status effects
A: sickness immunity, AC +4, negative energy resistance 1, electricity
resistance, torment resistance 1, petrification resistance
a: no special abilities


You were on level 4 of the Dungeon.
You visited 1 branch of the dungeon, and saw 4 of its levels.

You collected 185 gold pieces.

Inventory:

Hand Weapons
 a - a +0 war axe (weapon)
 l - a +1 vorpal flail
Missiles
 q - a throwing net (quivered)
Armour
 b - a +0 scale mail (worn)
 c - a +1 buckler (worn)
 g - a +2 pair of boots (worn)
Jewellery
 f - a ring of wizardry
 o - a +6 ring of strength (left hand)
Scrolls
 j - a scroll of amnesia
 m - a scroll of teleportation
 n - a scroll of magic mapping {unknown}
 p - a scroll of holy word
Potions
 d - 3 potions of might
 e - 2 potions of flight
 h - a potion of ambrosia {unknown}
 i - a potion of mutation {unknown}
 k - 5 potions of curing {unknown}
 r - 2 potions of haste


   Skills:
 + Level 4.8 Fighting
 + Level 5.1 Axes
 + Level 5.0 Armour
 + Level 4.2 Shields


You had 6 spell levels left.
You didn't know any spells.
Your spell library contained the following spells:

 Spells                   Type           Power      Damage    Failure   Level
 Animate Skeleton         Necr           0%         N/A       75%         1
 Apportation              Tloc           0%         N/A       75%         1
 Pain                     Necr           0%         1d4       75%         1
 Summon Small Mammal      Summ           0%         N/A       75%         1
 Petrify                  Tmut/Erth      0%         N/A       100%        4
 Agony                    Necr           0%         N/A       100%        5
 Excruciating Wounds      Necr           0%         N/A       100%        5
 Irradiate                Conj/Tmut      0%         3d13      100%        5
 Sublimation of Blood     Necr           Unusable   N/A       N/A         2

Dungeon Overview and Level Annotations

Branches:
Dungeon (4/15)
 Temple: D:4-7

Altars:


Innate Abilities, Weirdness & Mutations

You are immune to sickness and miasma.
Your stone body is resilient. (AC +4)
You are immune to poison.
You resist negative energy. (rN+)
You are resistant to electric shocks. (rElec)
You are resistant to unholy torment.
You are immune to petrification.


Message History

The orc priest calls down the wrath of Beogh upon you.
Beogh smites you!
* * * LOW HITPOINT WARNING * * *
You hit the orc priest.
The orc priest is almost dead.
The orc priest miscasts a cantrip.
You hit the orc priest but do no damage.
The orc priest is almost dead.
The orc priest hits you but does no damage.
You hit the orc priest.
You kill the orc priest!
A gnoll sergeant comes into view.
It is wielding a +0 vorpal trident and wearing a +1 buckler of poison resistance.
You hit the orc.
The orc is severely wounded.
The orc hits you but does no damage.
A gnoll comes into view. It is wielding a +0 whip.
You block the gnoll sergeant's attack. You block the orc's attack.
You hit the orc but do no damage.
The orc is severely wounded.
The gnoll sergeant hits you but does no damage.
The orc hits you but does no damage.
You slash the orc!
You kill the orc!
The gnoll sergeant hits you but does no damage.
The gnoll sergeant hits you with a +0 vorpal trident.
* * * LOW HITPOINT WARNING * * *
x2
Items here: )) [ ††.
You hit the gnoll sergeant.
The gnoll sergeant is moderately wounded.
The gnoll sergeant hits you with a +0 vorpal trident.
* * * LOW HITPOINT WARNING * * *
x2 A gnoll comes into view. It is wielding a +0 halberd.
The gnoll sergeant blocks your attack.
The gnoll sergeant is moderately wounded.
The gnoll sergeant hits you but does no damage.
The gnoll hits you from afar with a +0 halberd.
* * * LOW HITPOINT WARNING * * *
You block the gnoll sergeant's attack.
The gnoll hits you from afar with a +0 halberd.
You die... .# #.# .# #.# ## #.# #.# #.# ##.## #### ##...## gg#

#..... #g# #... #
#@# ####.###.# #<#
...)...).# #)#
####.##### #$#
##'## #)# ##...##
#.# ##.....##
####.# #.......##
#....#
.........####...##


You could see a gnoll sergeant and 2 gnolls.

Vanquished Creatures
  Grinder (D:3)
  A black bear (D:4)
  A phantom (D:4)
  An orc priest (D:4)
  4 adders
  5 gnolls
  5 worms
  3 dart slugs
  6 orcs
  7 ball pythons
  4 endoplasms
  2 giant cockroaches (D:2)
  9 goblins
  6 hobgoblins
  2 jackals (D:3)
  8 kobolds
  4 quokkas
  8 bats
  A frilled lizard (D:3)
  7 rats
85 creatures vanquished.

Notes
Turn   | Place    | Note
-------+----------+-------------------------------------------
     0 | D:1      | bande the Gargoyle Fighter began the quest for the Orb.
     0 | D:1      | Reached XP level 1. HP: 14/14 MP: 1/1
   237 | D:1      | Reached XP level 2. HP: 13/19 MP: 2/2
   784 | D:2      | Reached XP level 3. HP: 12/24 MP: 3/3
  1324 | D:2      | Reached XP level 4. HP: 29/29 MP: 4/4
  2582 | D:3      | Reached XP level 5. HP: 15/33 MP: 5/5
  2765 | D:3      | Noticed Grinder
  2767 | D:3      | Paralysed by Grinder for 4 turns
  2774 | D:3      | Paralysed by Grinder for 2 turns
  2776 | D:3      | Killed Grinder
  2777 | D:3      | Reached XP level 6. HP: 22/39 MP: 6/6
  3049 | D:3      | Found a faded altar of an unknown god.
  3757 | D:4      | Noticed a black bear
  3761 | D:4      | Killed a black bear
  3762 | D:4      | Reached XP level 7. HP: 44/44 MP: 7/7
  3790 | D:4      | Reached skill level 5 in Axes
  3790 | D:4      | Reached skill level 5 in Armour
  3850 | D:4      | HP: 1/44 [gnoll/+0 halberd (4)]
  3850 | D:4      | Slain by a gnoll

Illustrated notes

Levels and vault maps discovered:
D:1:      dpeg_arrival_connections, layout_rooms
D:2:      layout_rooms
D:3:      layout_rooms, shapermc_ecumenical_altar_pompeii,
          chequers_serial_rivers_micro_d, nicolae_wormholes, uniq_grinder
D:4:      layout_loops_corners

Skill      XL: |  1  2  3  4  5  6  7 |
---------------+----------------------+-----
Axes           | 2 3 4 5 |  5.1
Armour         | 4 5 |  5.0
Fighting       | 4 |  4.8
Shields        | 4 |  4.2

Action                   |  1- 3 |  4- 6 |  7- 9 || total
-------------------------+-------+-------+-------++-------
Melee: War axe           |    82 |   131 |    23 ||   236
  Use: Scroll            |     2 |     6 |       ||     8
Armor: Scale mail        |    60 |    77 |    11 ||   148
Dodge: Dodged            |    36 |    73 |     6 ||   115
Block: Buckler           |    18 |    48 |     7 ||    73

Table legend: (Time is in decaauts)
 A = Elapsed time spent in this place.
 B = Non-inter-level travel time spent in this place.
 C = Inter-level travel time spent in this place.
 D = Time resting spent in this place.
 E = Time spent auto-exploring this place.
 F = Levels seen in this place.
 G = Mean time per level.
                   A        B        C        D        E       F      G
               +--------+--------+--------+--------+--------+-----+--------+
         Total |   3945 |   3883 |     62 |   1233 |   1813 |   4 |  986.2 |
       Dungeon |   3945 |   3883 |     62 |   1233 |   1813 |   4 |  986.2 |
               +--------+--------+--------+--------+--------+-----+--------+

Top non-repeatable levels by time:
     D:2: 1218 daAuts
     D:3: 1072 daAuts
     D:1: 1019 daAuts
     D:4: 635 daAuts
